 Dungeon Crawl Stone Soup version 0.30-a0-166-g5d06c95188 (webtiles) character file.

Game seed: 591307685542706308

9383 qw the Cleaver (level 11, -5/68 HPs)
             Began as a Gargoyle Fighter on Sept 28, 2022.
             Was a High Priest of Okawaru.
             Slain by a two-headed ogre
             ... wielding a +0 giant club
              (12 damage)
             ... on level 9 of the Dungeon.
             The game lasted 00:03:36 (7876 turns).

qw the Cleaver (Gargoyle Fighter)                   Turns: 7876, Time: 00:03:36

Health: -5/68      AC: 28    Str: 25    XL:     11   Next: 45%
Magic:  15/16      EV:  8    Int:  8    God:    Okawaru [*****.]
Gold:   566        SH: 12    Dex:  9    Spells: 10/10 levels left

rFire   . . .      SeeInvis .    Y - +2 war axe (venom)
rCold   . . .      Faith    .    f - +0 kite shield
rNeg    + . .      Spirit   .    l - +0 plate armour
rPois   inf        Reflect  .    (no helmet)
rElec   +          Harm     .    e - +0 cloak
rCorr   +          Rampage  .    (no gloves)
Will    .....                    (no boots)
Stlth   ..........               h - amulet of regeneration
HPRegen 1.01/turn                b - ring of resist corrosion
MPRegen 0.15/turn                s - +4 ring of protection

@: about to teleport, heroic
A: sickness immunity, AC +8, negative energy resistance 1, electricity
resistance, torment resistance 1, petrification resistance
a: Renounce Religion, Heroism, Finesse, Duel


You were on level 9 of the Dungeon.
You worshipped Okawaru.
Okawaru was extremely pleased with you.
You visited 2 branches of the dungeon, and saw 10 of its levels.

You collected 566 gold pieces.


Innate Abilities, Weirdness & Mutations

You are immune to sickness and miasma.
Your stone body is resilient. (AC +8)
You are immune to poison.
You resist negative energy. (rN+)
You are resistant to electric shocks. (rElec)
You are resistant to unholy torment.
You are immune to petrification.


   Skills:
 + Level 7.7(12.7) Fighting
 - Level 10.1(15.1) Axes
 - Level 3.2(8.2) Throwing
 - Level 6.0(11.0) Armour
 - Level 1.6(6.6) Dodging
 - Level 9.3(14.3) Shields
 + Level 7.9 Invocations


You had 10 spell levels left.
You didn't know any spells.
Your spell library was empty.

Inventory:

Hand Weapons
 m - a +2 hand axe of flaming
 Y - a +2 war axe of venom (weapon)
Missiles
 j - 5 silver javelins
 r - 5 boomerangs (quivered)
Armour
 e - a +0 cloak (worn)
 f - a +0 kite shield (worn)
 l - a +0 plate armour (worn)
Jewellery
 b - a ring of resist corrosion (left hand)
 h - an amulet of regeneration (around neck)
 s - a +4 ring of protection (right hand)
Scrolls
 a - a scroll of identify
 n - a scroll of teleportation
Potions
 c - 2 potions of cancellation
 d - 3 potions of might
 g - a potion of lignification
 i - 3 potions of resistance
 k - 2 potions of attraction {unknown}
 o - a potion of brilliance {unknown}
 p - a potion of haste {unknown}
 q - 2 potions of heal wounds
 t - 2 potions of curing
 u - a potion of invisibility {unknown}

Dungeon Overview and Level Annotations

Branches:
Dungeon (9/15)             Temple (1/1) D:4
   Lair: D:8-11         Orc: D:9-12

Altars:
Ashenzari
Cheibriados
Dithmenos
Elyvilon
Gozag
Hepliaklqana
Kikubaaqudgha
Makhleb
Nemelex Xobeh
Okawaru
Qazlal
Ru
Sif Muna
Trog
Uskayaw
Vehumet
Wu Jian
Xom
Yredelemnul
Zin
The Shining One

Shops:
D:1 [((

Portals:
Bailey: D:7

Annotations:
D:3 3 runed translucent doors, qw's ghost, amateur GrFi
D:9 2 transporters


Message History

The two-headed ogre hits you but does no damage.
The two-headed ogre closely misses you.
You slash the two-headed ogre!
The two-headed ogre looks as sick as possible!
The two-headed ogre is heavily wounded.
You hit the yak but do no damage. You completely miss the bullfrog.
The yak gores you but does no damage.
The orc warrior hits you but does no damage.
The bullfrog hits you.
You closely miss the two-headed ogre.
The two-headed ogre is severely wounded.
You completely miss the bullfrog. You slash the yak!
The yak looks as sick as possible!
The bullfrog hits you but does no damage.
The orc priest invokes the aid of Beogh against you.
Beogh smites you!
You block the two-headed ogre's attack. x2
The yak gores you but does no damage.
The orc warrior hits you but does no damage.
You slash the two-headed ogre!
The two-headed ogre looks as sick as possible!
The two-headed ogre is almost dead.
You hit the bullfrog.
The bullfrog looks as sick as possible!
You slash the yak!
The yak looks as sick as possible!
You kill the yak!
Okawaru accepts your kill.
You block the bullfrog's attack. x2; You block the orc warrior's attack.
You barely miss the two-headed ogre.
The two-headed ogre is almost dead.
You hit the bullfrog.
The bullfrog is poisoned.
You slash the bullfrog!
You kill the bullfrog!
Okawaru accepts your kill.
The two-headed ogre hits you with a +0 giant club!!
You block the two-headed ogre's attack. You block the orc warrior's attack.
7876 ||| READING 2 scrolls of teleportation.
As you read the scroll of teleportation, it crumbles to dust.
You feel strangely unstable. You block the bullfrog's attack.
The bullfrog hits you but does no damage.
The two-headed ogre hits you with a +0 giant club!
You die...

#. ....... .. .
#.# ....... .
..# #.# .......
.#.# #.# .......
...
#####.###.......
#.
#.......o.T>....
.
#......#FOo.....
#......F@oo.# #
#......###### ..
# #......#.....
... #
#............
#.. ###
#.....#.#####
##..# ###..
#.....#..###
.....##...#
#.....##.#.. ##
#....###
####..##...
#...###.>#
#..%#..#
.....s#.## #


You could see a two-headed ogre (extremely poisoned), a troll, an orc warrior, 2
bullfrogs, an orc priest and 2 orcs.

Vanquished Creatures
  A catoblepas (D:7)
  A centaur warrior (D:8)
  A two-headed ogre (D:8)
  2 boulder beetles (D:9)
  Pikel (D:7)
  An unseen horror (D:9)
  A kobold demonologist (D:9)
  A komodo dragon (D:9)
  A hornet (D:8)
  A yak (D:9)
  A wraith (D:7)
  2 vampire mosquitoes (D:9)
  4 steam dragons
  Edmund (D:6)
  3 acid dragons
  4 water moccasins
  5 black bears
  2 orc warriors
  2 sky beasts
  3 centaurs
  4 lemures (D:7)
  3 phantoms (D:4)
  3 kobold brigands
  6 bullfrogs
  2 scorpions
  6 wights
  2 howler monkeys
  3 electric eels (D:6)
  A jelly (D:6)
  2 orc priests (D:6)
  A hound (D:4)
  3 iguanas
  A gnoll bouda (D:4)
  A scorpion zombie (D:4)
  2 orc wizards
  2 hound zombies (D:4)
  A mummy (D:4)
  16 gnolls
  8 adders
  2 white imps (D:6)
  An adder zombie (D:4)
  A worm (D:2)
  3 dart slugs
  35 orcs
  5 bats (D:2)
  14 endoplasms
  3 giant cockroaches
  3 goblins
  12 hobgoblins
  9 jackals
  3 quokkas
  4 ball pythons
  2 frilled lizards (D:2)
  A goblin zombie (D:4)
  57 kobolds
  A kobold zombie (D:4)
  4 rats
265 creatures vanquished.

Vanquished Creatures (others)
  40 fungi (D:9)
  41 plants (D:9)
  2 withered plants (D:4)
83 creatures vanquished.

Grand Total: 348 creatures vanquished

Notes
Turn   | Place    | Note
-------+----------+-------------------------------------------
     0 | D:1      | qw the Gargoyle Fighter began the quest for the Orb.
     0 | D:1      | Reached XP level 1. HP: 14/14 MP: 1/1
     0 | D:1      | 0 ||| qw: Version: 0.2-a-12-gaebbb33
     0 | D:1      | 0 ||| qw: Game counter: 947
     0 | D:1      | 0 ||| qw: Always use a shield: true
     0 | D:1      | 0 ||| qw: God list: Okawaru
     0 | D:1      | 0 ||| qw: Allow faded altars: false
     0 | D:1      | 0 ||| qw: Do Orc after D:15 true
     0 | D:1      | 0 ||| qw: Do second Lair branch before Depths: true
     0 | D:1      | 0 ||| qw: Lair rune preference: random
     0 | D:1      | 0 ||| qw: Plans: Normal, Zot:1-4, God:TSO, Crypt, Tomb,
                  | Pan, Slime:5, Hells, Abyss, Orb
     0 | D:1      | 0 ||| PLANNING D:1-11
    38 | D:1      | Found Vusefrurph's Antique Armour Shop.
    44 | D:1      | 44 ||| SHOPLISTING cloak (112 gold, have 16).
    44 | D:1      | 44 ||| SHOPLISTING helmet (112 gold, have 16).
    44 | D:1      | 44 ||| SHOPLISTING plate armour (575 gold, have 16).
    44 | D:1      | 44 ||| SHOPLISTING runed plate armour (650 gold, have 16).
    64 | D:1      | Found Lerutroj's Antique Weapon Boutique.
   163 | D:1      | Reached skill level 2 in Axes
   430 | D:1      | Found a faded altar of an unknown god.
   445 | D:1      | Reached XP level 2. HP: 19/19 MP: 2/2
   576 | D:1      | Found Ykyesekh's Antique Weapon Boutique.
   642 | D:1      | 642 ||| SHOPLISTING glowing mace (180 gold, have 53).
   642 | D:1      | 642 ||| SHOPLISTING runed broad axe (210 gold, have 53).
   794 | D:1      | 794 ||| UPGRADING to +0 kite shield.
   804 | D:1      | 804 ||| DROPPING +0 buckler.
   805 | D:1      | 805 ||| READING 3 scrolls labelled JANAGI OTOTHRA.
   806 | D:1      | 806 ||| READING 2 scrolls of identify.
   806 | D:1      | 806 ||| IDENTIFYING smoky blue potion
   924 | D:2      | Reached skill level 3 in Axes
   930 | D:2      | Reached XP level 3. HP: 16/23 MP: 3/3
  1351 | D:2      | Reached XP level 4. HP: 25/28 MP: 4/4
  1533 | D:2      | 1533 ||| DROPPING +0 club.
  1729 | D:2      | 1729 ||| DRINKING 2 clear potions.
  1730 | D:2      | 1730 ||| READING 3 scrolls of identify.
  1730 | D:2      | 1730 ||| IDENTIFYING dark potion
  1731 | D:2      | 1731 ||| READING 2 scrolls of identify.
  1731 | D:2      | 1731 ||| IDENTIFYING sapphire potion
  1732 | D:2      | 1732 ||| DROPPING potion of flight.
  1733 | D:2      | 1733 ||| DROPPING potion of berserk rage.
  1793 | D:3      | 1793 ||| Stepping ~*~*~tactically~*~*~ (hiding).
  1994 | D:3      | 1994 ||| DROPPING +0 mace.
  2145 | D:3      | 2145 ||| Stepping ~*~*~tactically~*~*~ (stealth).
  2146 | D:3      | 2146 ||| Stepping ~*~*~tactically~*~*~ (stealth).
  2147 | D:3      | 2147 ||| Stepping ~*~*~tactically~*~*~ (stealth).
  2172 | D:3      | 2172 ||| DROPPING +0 flail.
  2177 | D:3      | Identified the +1 buckler of Hide-and-Seek {Slay+3}
  2256 | D:3      | Found a runed translucent gate.
  2256 | D:3      | Found a runed translucent gate.
  2256 | D:3      | Found a runed translucent gate.
  2260 | D:3      | Identified the +4 dagger "Icies" {protect, rF+}
  2261 | D:3      | Noticed qw's ghost (amateur GrFi)
  2506 | D:3      | 2506 ||| UPGRADING to +0 cloak.
  2511 | D:3      | 2511 ||| UPGRADING to +0 chain mail.
  2521 | D:3      | 2521 ||| DROPPING +0 scale mail.
  2522 | D:3      | 2522 ||| UPGRADING to amulet of regeneration.
  2527 | D:3      | 2527 ||| READING scroll labelled VOJEYW QABBION.
  2563 | D:3      | 2563 ||| READING 2 scrolls of identify.
  2563 | D:3      | 2563 ||| IDENTIFYING bubbling purple potion
  2588 | D:4      | 2588 ||| PLANNING OSSUARY
  2588 | D:4      | 2588 ||| STAIRDANCE
  2637 | D:4      | 2637 ||| STAIRDANCE
  2645 | D:3      | Reached skill level 4 in Axes
  2691 | D:4      | 2691 ||| STAIRDANCE
  2749 | D:4      | Reached XP level 5. HP: 32/32 MP: 5/5
  2765 | D:4      | 2765 ||| Stepping ~*~*~tactically~*~*~ (hiding).
  2768 | D:4      | 2768 ||| Stepping ~*~*~tactically~*~*~ (hiding).
  2899 | D:4      | HP: 5/32 [gnoll/+0 halberd[a gnoll bouda] (6)]
  2899 | D:4      | HP: 2/32 [gnoll/+0 spear[a gnoll bouda] (3)]
  2900 | D:4      | 2900 ||| DRINKING potion of heal wounds.
  2913 | D:4      | HP: 7/32 [gnoll/+0 halberd[a gnoll bouda] (5)]
  3027 | D:4      | 3027 ||| Stepping ~*~*~tactically~*~*~ (stealth).
  3046 | D:4      | 3046 ||| Stepping ~*~*~tactically~*~*~ (stealth).
  3057 | D:4      | Reached XP level 6. HP: 37/37 MP: 6/6
  3061 | D:4      | Found a staircase to the Ecumenical Temple.
  3108 | D:4      | 3108 ||| Stepping ~*~*~tactically~*~*~ (stealth).
  3118 | D:4      | 3118 ||| Stepping ~*~*~tactically~*~*~ (stealth).
  3120 | D:4      | 3120 ||| Stepping ~*~*~tactically~*~*~ (stealth).
  3146 | D:4      | Reached skill level 5 in Axes
  3258 | D:4      | Reached XP level 7. HP: 43/43 MP: 7/7
  3293 | D:4      | 3293 ||| RIP OSSUARY
  3295 | D:4      | 3295 ||| PLANNING TEMPLE
  3309 | D:4      | 3309 ||| READING 2 scrolls of identify.
  3309 | D:4      | 3309 ||| IDENTIFYING glowing puce potion
  3310 | D:4      | 3310 ||| DROPPING potion of ambrosia.
  3327 | Temple   | Entered the Ecumenical Temple
  3333 | Temple   | 3333 ||| PLANNING OKAWARU WORSHIP
  3451 | Temple   | Became a worshipper of Warmaster Okawaru
  3452 | Temple   | 3452 ||| PLANNING D:1-11
  3787 | D:4      | 3787 ||| DROPPING +1 ring mail of positive energy.
  3788 | D:4      | 3788 ||| READING scroll labelled VANUACSOINN.
  3796 | D:5      | Entered Level 5 of the Dungeon
  3921 | D:5      | 3921 ||| DROPPING +0 morningstar.
  3967 | D:5      | Found a hide-covered altar of Uskayaw.
  3969 | D:5      | Found a bloodstained altar of Trog.
  3973 | D:5      | Found an ornate altar of the Wu Jian Council.
  4272 | D:5      | Reached skill level 6 in Axes
  4377 | D:5      | Found a snail-covered altar of Cheibriados.
  4378 | D:5      | Found a basalt altar of Yredelemnul.
  4482 | D:5      | 4482 ||| UPGRADING to ring of resist corrosion.
  4483 | D:5      | 4483 ||| READING scroll labelled CEOGIMARGHO.
  4484 | D:5      | 4484 ||| READING scroll labelled QABRU OLA LEE.
  4485 | D:5      | 4485 ||| READING scroll labelled ONKIPE DOCEIQA.
  4486 | D:5      | 4486 ||| READING scroll labelled ZERPHUI XUX POP.
  4558 | D:6      | Reached skill level 6 in Shields
  4568 | D:6      | Reached skill level 1 in Dodging
  4569 | D:6      | Reached XP level 8. HP: 39/48 MP: 8/8
  4570 | D:6      | 4570 ||| FLEEEEING.
  4572 | D:6      | 4572 ||| FLEEEEING.
  4573 | D:6      | 4573 ||| FLEEEEING.
  4655 | D:6      | Reached * piety under Okawaru
  4656 | D:6      | Reached skill level 7 in Axes
  4675 | D:6      | Found a shadowy altar of Dithmenos.
  4716 | D:6      | Reached skill level 1 in Invocations
  4730 | D:6      | 4730 ||| INVOKING Heroism.
  4759 | D:6      | Noticed Edmund
  4760 | D:6      | 4760 ||| INVOKING Heroism.
  4763 | D:6      | 4763 ||| DRINKING 4 potions of curing.
  4763 | D:6      | 4763 ||| (to cure confusion)
  4765 | D:6      | 4765 ||| DRINKING 3 potions of curing.
  4765 | D:6      | 4765 ||| (to cure confusion)
  4767 | D:6      | 4767 ||| DRINKING 2 potions of curing.
  4767 | D:6      | 4767 ||| (to cure confusion)
  4772 | D:6      | Killed Edmund
  4830 | D:6      | 4830 ||| Stepping ~*~*~tactically~*~*~ (stealth).
  4832 | D:6      | 4832 ||| Stepping ~*~*~tactically~*~*~ (stealth).
  4840 | D:6      | 4840 ||| Stepping ~*~*~tactically~*~*~ (stealth).
  4843 | D:6      | 4843 ||| Stepping ~*~*~tactically~*~*~ (stealth).
  4844 | D:6      | 4844 ||| Stepping ~*~*~tactically~*~*~ (stealth).
  4846 | D:6      | 4846 ||| Stepping ~*~*~tactically~*~*~ (stealth).
  4872 | D:6      | 4872 ||| INVOKING Heroism.
  4884 | D:6      | Reached skill level 3 in Invocations
  4912 | D:6      | 4912 ||| DRINKING potion of curing.
  4912 | D:6      | 4912 ||| (to cure confusion)
  4965 | D:6      | 4965 ||| INVOKING Heroism.
  5142 | D:6      | 5142 ||| INVOKING Heroism.
  5174 | D:6      | 5174 ||| FLEEEEING.
  5176 | D:6      | 5176 ||| FLEEEEING.
  5177 | D:6      | 5177 ||| FLEEEEING.
  5178 | D:6      | 5178 ||| FLEEEEING.
  5180 | D:6      | 5180 ||| Stepping ~*~*~tactically~*~*~ (hiding).
  5182 | D:6      | 5182 ||| Stepping ~*~*~tactically~*~*~ (hiding).
  5183 | D:6      | 5183 ||| Stepping ~*~*~tactically~*~*~ (hiding).
  5204 | D:6      | 5204 ||| INVOKING Heroism.
  5229 | D:6      | 5229 ||| INVOKING Heroism.
  5253 | D:6      | 5253 ||| Stepping ~*~*~tactically~*~*~ (stealth).
  5296 | D:6      | 5296 ||| INVOKING Heroism.
  5311 | D:6      | Reached skill level 1 in Throwing
  5353 | D:6      | 5353 ||| INVOKING Heroism.
  5441 | D:6      | 5441 ||| Stepping ~*~*~tactically~*~*~ (stealth).
  5442 | D:6      | 5442 ||| Stepping ~*~*~tactically~*~*~ (stealth).
  5451 | D:6      | 5451 ||| Stepping ~*~*~tactically~*~*~ (hiding).
  5573 | D:6      | 5573 ||| INVOKING Heroism.
  5591 | D:6      | 5591 ||| INVOKING Heroism.
  5595 | D:6      | Reached XP level 9. HP: 54/54 MP: 9/12
  5746 | D:6      | Found a sparkling altar of Nemelex Xobeh.
  5798 | D:6      | 5798 ||| INVOKING Heroism.
  5977 | D:6      | 5977 ||| UPGRADING to +0 plate armour.
  5987 | D:6      | 5987 ||| DROPPING +0 chain mail.
  5988 | D:6      | 5988 ||| UPGRADING to +4 ring of protection.
  5989 | D:6      | 5989 ||| READING 2 scrolls labelled KEFFEL FOHOMOT.
  5990 | D:6      | 5990 ||| READING scroll labelled ULAMUMP JIKEU.
  5991 | D:6      | 5991 ||| READING 2 scrolls of identify.
  5991 | D:6      | 5991 ||| IDENTIFYING murky dark potion
  5992 | D:6      | 5992 ||| DROPPING scroll of amnesia.
  6085 | D:7      | Noticed a catoblepas
  6086 | D:7      | 6086 ||| INVOKING Heroism.
  6101 | D:7      | 6101 ||| INVOKING Heroism.
  6101 | D:7      | Killed a catoblepas
  6101 | D:7      | Reached ** piety under Okawaru
  6162 | D:7      | 6162 ||| INVOKING Heroism.
  6231 | D:7      | Reached skill level 8 in Axes
  6253 | D:7      | 6253 ||| Stepping ~*~*~tactically~*~*~ (hiding).
  6263 | D:7      | 6263 ||| Stepping ~*~*~tactically~*~*~ (stealth).
  6265 | D:7      | 6265 ||| INVOKING Heroism.
  6278 | D:7      | Reached skill level 6 in Fighting
  6281 | D:7      | Found a flagged portal.
  6307 | D:7      | 6307 ||| DROPPING +1 vampiric hand axe.
  6332 | D:7      | Reached XP level 10. HP: 60/60 MP: 13/13
  6359 | D:7      | Noticed Pikel
  6360 | D:7      | 6360 ||| INVOKING Heroism.
  6373 | D:7      | Killed Pikel
  6373 | D:7      | Reached *** piety under Okawaru
  6528 | D:7      | 6528 ||| READING scroll labelled WOZEYTT ISTRUNN.
  6629 | D:7      | 6629 ||| READING scroll labelled RUUNYLINOMORU.
  6630 | D:7      | 6630 ||| READING 2 scrolls of identify.
  6630 | D:7      | 6630 ||| IDENTIFYING cyan potion
  6688 | D:8      | Reached skill level 9 in Axes
  6697 | D:8      | 6697 ||| Stepping ~*~*~tactically~*~*~ (stealth).
  6698 | D:8      | 6698 ||| Stepping ~*~*~tactically~*~*~ (stealth).
  6703 | D:8      | 6703 ||| INVOKING Heroism.
  6704 | D:8      | 6704 ||| Stepping ~*~*~tactically~*~*~ (stealth).
  6723 | D:8      | Identified the +4 trident "Fack" {drain, Fly rF+ Stlth+}
  6766 | D:8      | 6766 ||| Stepping ~*~*~tactically~*~*~ (stealth).
  6768 | D:8      | 6768 ||| Stepping ~*~*~tactically~*~*~ (stealth).
  6785 | D:8      | Noticed a two-headed ogre
  6790 | D:8      | Noticed a centaur warrior
  6791 | D:8      | 6791 ||| INVOKING Heroism.
  6805 | D:8      | Reached skill level 3 in Throwing
  6807 | D:8      | Killed a centaur warrior
  6807 | D:8      | Reached **** piety under Okawaru
  6807 | D:8      | HP: 12/60 [steam dragon/ball of steam (14)]
  6808 | D:8      | 6808 ||| READING 4 scrolls of teleportation.
  6809 | D:8      | 6809 ||| DRINKING 3 potions of heal wounds.
  6878 | D:8      | 6878 ||| READING 3 scrolls of teleportation.
  6882 | D:8      | 6882 ||| INVOKING Heroism.
  6887 | D:8      | Killed a two-headed ogre
  6888 | D:8      | Reached skill level 9 in Shields
  6907 | D:8      | 6907 ||| INVOKING Heroism.
  6913 | D:8      | 6913 ||| Stepping ~*~*~tactically~*~*~ (cloud).
  6926 | D:8      | Identified the ring "Coezock" {rPois Int+2}
  7020 | D:8      | 7020 ||| INVOKING Heroism.
  7134 | D:8      | 7134 ||| READING scroll of enchant weapon.
  7134 | D:8      | 7134 ||| ENCHANTING +1 war axe of venom.
  7491 | D:8      | 7491 ||| DROPPING ring "Coezock" {rPois Int+2}.
  7492 | D:8      | 7492 ||| READING scroll labelled DARHUFORYR.
  7504 | D:9      | 7504 ||| STAIRDANCE
  7507 | D:8      | Reached skill level 6 in Armour
  7514 | D:9      | 7514 ||| INVOKING Heroism.
  7520 | D:9      | Reached XP level 11. HP: 53/67 MP: 12/15
  7573 | D:9      | Noticed a boulder beetle
  7574 | D:9      | 7574 ||| INVOKING Heroism.
  7581 | D:9      | Killed a boulder beetle
  7582 | D:9      | Reached skill level 6 in Invocations
  7624 | D:9      | 7624 ||| INVOKING Heroism.
  7635 | D:9      | Received a gift from Okawaru
  7640 | D:9      | Noticed a boulder beetle
  7654 | D:9      | Killed a boulder beetle
  7654 | D:9      | Reached ***** piety under Okawaru
  7655 | D:9      | Reached skill level 10 in Axes
  7781 | D:9      | 7781 ||| Stepping ~*~*~tactically~*~*~ (stealth).
  7791 | D:9      | Found a transporter.
  7804 | D:9      | Noticed a moth of wrath
  7814 | D:9      | Found a transporter.
  7835 | D:9      | 7835 ||| Stepping ~*~*~tactically~*~*~ (stealth).
  7836 | D:9      | 7836 ||| INVOKING Heroism.
  7861 | D:9      | Noticed a two-headed ogre
  7863 | D:9      | 7863 ||| INVOKING Heroism.
  7875 | D:9      | HP: 6/68 [two-headed ogre/+0 giant club (20)]
  7876 | D:9      | 7876 ||| READING 2 scrolls of teleportation.
  7876 | D:9      | Slain by a two-headed ogre

Levels and vault maps discovered:
D:1:      minmay_arrival_nine_rooms, layout_loops_ring,
          hellmonk_ecumenical_altar_run_dry, serial_shops, nicolae_square_shop,
          shop, nicolae_diamond_shop
D:2:      layout_basic, minmay_distorted
D:3:      minmay_general_purpose_star, layout_rooms, biasface_ghost_orc_armoury,
          minmay_misc_feat_room, minivault_5
D:4:      layout_gridville, minmay_temple_entry_ruins,
          nicolae_ossuary_entry_giza, serial_undead, serial_undead_b,
          serial_undead_e, serial_undead_e, serial_undead_a
D:5:      layout_gridville, gammafunk_temple_overflow_statue, minitemple,
          minmay_misc_feat_four_crosses
D:6:      minmay_goblin_kobold_castle, layout_basic, kennysheep_little_box,
          nicolae_dithmenos_shadow_blocks, uniq_edmund
D:7:      layout_rooms, enter_bailey_2, minmay_three_doors, uniq_pikel
D:8:      wad_arrow_thing, layout_basic
D:9:      minmay_opposing_rooms, layout_rooms, mainiacjoe_overflow_catwalk,
          due_lair_maze_entry_diamond, gammafunk_ghost_berserking_beasts,
          chequers_serial_rivers_micro_d, kennysheep_pointless_box
Temple:   nicolae_temple_superstar

Skill      XL: |  1  2  3  4  5  6  7  8  9 10 11 |
---------------+----------------------------------+-----
Axes           | 2 3 4 5 6 7 8 9 10 | 10.1
Shields        | 4 5 6 8 9 |  9.3
Fighting       | 4 5 6 7 |  7.7
Dodging        | 1 |  1.6
Invocations    | 4 5 7 |  7.9
Throwing       | 1 2 3 |  3.2
Armour         | 5 6 |  6.0

Action                   |  1- 3 |  4- 6 |  7- 9 | 10-12 || total
-------------------------+-------+-------+-------+-------++-------
Melee: War axe           |   114 |   169 |   313 |   131 ||   727
Throw: Javelin           |       |       |    31 |    27 ||    58
       Boomerang         |       |       |    19 |     2 ||    21
Invok: Heroism           |       |       |    16 |    11 ||    27
  Use: Scroll            |     2 |     4 |     9 |     8 ||    23
       Potion            |       |     2 |     4 |     1 ||     7
Armor: Scale mail        |    70 |    19 |       |       ||    89
       Chain mail        |       |    89 |   125 |       ||   214
       Plate armour      |       |       |    31 |   136 ||   167
Dodge: Dodged            |    59 |    54 |    85 |    48 ||   246
Block: Buckler           |    12 |       |       |       ||    12
       Kite shield       |    40 |    94 |   107 |   117 ||   358

Table legend:
 A = Non-vault XP
 B = Vault XP
 C = Vault XP percentage of total XP
 D = Non-vault monster count
 E = Vault monster count
 F = Vault count percentage of total count
                 A         B        C        D         E       F
            +---------+---------+-------+---------+---------+-------
      Total |    4097 |    9308 |  69.4 |     151 |     110 |  42.1
            +---------+---------+-------+---------+---------+-------
        D:1 |      15 |       0 |   0.0 |       8 |       0 |   0.0
        D:2 |      72 |      16 |  18.2 |      29 |       3 |   9.4
        D:3 |      53 |       7 |  11.7 |      23 |       3 |  11.5
        D:4 |     206 |     415 |  66.8 |      21 |      10 |  32.3
        D:5 |     145 |       0 |   0.0 |       7 |       0 |   0.0
        D:6 |    1073 |     495 |  31.6 |      24 |      64 |  72.7
        D:7 |    1237 |    1806 |  59.3 |      19 |       4 |  17.4
        D:8 |     844 |    2577 |  75.3 |      14 |      11 |  44.0
        D:9 |     452 |    3992 |  89.8 |       6 |      15 |  71.4
            +---------+---------+-------+---------+---------+-------
